[Event "42nd Olympiad Baku 2016 Open"]
[Site "Baku"]
[Date "2016.09.04"]
[Round "3.12"]
[White "Aleksandrov, Aleksej"]
[Black "Latorre, Matias"]
[Result "1-0"]
[ECO "E00"]
[WhiteElo "2547"]
[BlackElo "2318"]
[Annotator ""]
[PlyCount "85"]
[EventDate "2016.??.??"]
[EventCountry "AZE"]
[SourceTitle "playchess.com"]
[Source "ChessBase"]
[WhiteTeam "Belarus"]
[BlackTeam "Paraguay"]
[WhiteTeamCountry "BLR"]
[BlackTeamCountry "PAR"]
[TimeControl "40/5400+30:1800+30"]

1. d4 {(00:00)} e6 {(00:00)} 2. c4 {(00:00)} Bb4+ {
(00:02)} 3. Nd2 {(02:57)} b6 {(05:49)} 4. a3 {(09:
27)} Bxd2+ {(00:05)} 5. Bxd2 {(00:03)} Bb7 {(01:09)} 6.
Nf3 {(00:08)} Nf6 {(01:44)} 7. Bg5 {(00:14)} h6 {(
04:23)} 8. Bh4 {(00:10)} d6 {(14:10)} 9. e3 {(06:30)} Nbd7
{(04:55)} 10. Rc1 {(02:24)} a5 {(05:11)} 11. Bd3 {(
12:28)} Ra7 {(05:51)} 12. O-O {(19:41)} Qa8 {(00:28)} 13.
b3 {(07:44)} O-O {(28:20)} 14. Ne1 {(06:40)} Rc8 {(
05:46)} 15. f3 {(01:43)} c5 {(01:03)} 16. a4 {(00:23)} d5
{(01:13)} 17. Nc2 {(00:09)} dxc4 {(01:54)} 18. bxc4 {
(00:16)} Ba6 {(00:26)} 19. Na3 {(00:56)} Qc6 {(02:
55)} 20. Nb5 {(02:46)} Bxb5 {(01:33)} 21. axb5 {(00:27)}
Qd6 {(00:57)} 22. Bg3 {(03:22)} Qe7 {(00:16)} 23. Qa4 {
(00:33)} e5 {(01:20)} 24. dxe5 {(05:53)} Nxe5 {(00:
03)} 25. Bf5 {(00:06)} Rd8 {(01:33)} 26. Rfd1 {(01:17)}
Raa8 {(00:16)} 27. Qc2 {(01:22)} g6 {(03:20)} 28. Be4 {
(02:02)} Rac8 {(02:47)} 29. Bb7 {(04:41)} Rb8 {(01:
32)} 30. Bd5 {(04:08)} Nxd5 {(01:39)} 31. cxd5 {(00:12)}
Re8 {(01:41)} 32. d6 {(01:21)} Qe6 {(00:50)} 33. e4 {
(00:05)} Rbd8 {(00:57)} 34. Rd5 {(00:06)} Nd7 {(00:
35)} 35. Rcd1 {(03:44)} Ra8 {(00:13)} 36. Qa4 {(00:21)}
Qf6 {(01:03)} 37. Be1 {(01:14)} Re5 {(01:27)} 38. Bc3 {
(01:14)} Rxd5 {(00:40)} 39. Bxf6 {(00:07)} Rxd1+ {(
00:02)} 40. Qxd1 {(00:00)} Nxf6 {(00:00)} 41. d7 {(05:30)}
Rd8 {(00:55)} 42. Qd6 {(00:09)} Nxd7 {(03:30)} 43. Qe7 {
(01:57)} 1-0

[Event "42nd Olympiad Baku 2016 Open"]
[Site "Baku"]
[Date "2016.09.04"]
[Round "3.14"]
[White "Almasi, Zoltan"]
[Black "Radjabov, Teimour"]
[Result "1-0"]
[ECO "C07"]
[WhiteElo "2684"]
[BlackElo "2722"]
[Annotator ""]
[PlyCount "117"]
[EventDate "2016.??.??"]
[EventCountry "AZE"]
[SourceTitle "playchess.com"]
[Source "ChessBase"]
[WhiteTeam "Hungary"]
[BlackTeam "Azerbaijan"]
[WhiteTeamCountry "HUN"]
[BlackTeamCountry "AZE"]
[TimeControl "40/5400+30:1800+30"]

1. e4 {(00:00)} e6 {(00:00)} 2. d4 {(00:00)} d5 {(
00:00)} 3. Nd2 {(00:40)} c5 {(00:00)} 4. exd5 {(01:05)}
Qxd5 {(00:13)} 5. Ngf3 {(00:20)} cxd4 {(00:25)} 6. Bc4 {
(00:14)} Qd6 {(00:09)} 7. O-O {(00:30)} Nf6 {(00:
23)} 8. Nb3 {(00:33)} Nc6 {(00:46)} 9. Nbxd4 {(00:23)}
Nxd4 {(00:13)} 10. Nxd4 {(00:04)} a6 {(00:58)} 11. Re1 {
(05:46)} Qc7 {(01:34)} 12. Bf1 {(18:48)} Bd6 {(19:
40)} 13. g3 {(02:17)} O-O {(01:55)} 14. Bg5 {(01:43)} Be5
{(19:40)} 15. c3 {(01:13)} Nd5 {(10:48)} 16. Bg2 {(
37:33)} h6 {(05:42)} 17. Bd2 {(00:43)} Nf6 {(11:50)} 18.
Qf3 {(05:27)} Rd8 {(05:06)} 19. Rac1 {(01:05)} Nd5 {
(01:33)} 20. Qg4 {(01:55)} f5 {(05:09)} 21. Qe2 {(
01:38)} Bxd4 {(00:15)} 22. cxd4 {(00:03)} Qf7 {(04:16)}
23. Qe5 {(02:41)} Bd7 {(03:32)} 24. Bxd5 {(02:45)} exd5 {
(00:03)} 25. Rc7 {(00:11)} Re8 {(01:23)} 26. Qd6 {(
00:08)} Rxe1+ {(00:04)} 27. Bxe1 {(00:02)} Qe6 {(00:08)}
28. Bb4 {(05:19)} Qxd6 {(03:00)} 29. Bxd6 {(00:03)} Be8 {
(00:07)} 30. Be5 {(01:11)} g5 {(01:43)} 31. Rg7+ {(
01:32)} Kf8 {(00:04)} 32. Rxb7 {(00:05)} h5 {(01:52)} 33.
b3 {(06:38)} Rc8 {(01:03)} 34. Bg7+ {(01:07)} Kg8 {
(00:03)} 35. Bh6 {(00:05)} g4 {(01:15)} 36. a4 {(
00:14)} Rc6 {(02:05)} 37. Bf4 {(00:23)} Rc2 {(01:00)} 38.
Re7 {(02:22)} Bf7 {(00:29)} 39. Rb7 {(01:22)} Rb2 {
(00:28)} 40. Rb8+ {(00:00)} Kh7 {(00:00)} 41. b4 {(
04:39)} Ra2 {(05:49)} 42. a5 {(07:28)} Ra1+ {(00:52)} 43.
Kg2 {(00:03)} Rb1 {(02:36)} 44. Be5 {(01:53)} Be6 {
(04:59)} 45. Rb6 {(00:48)} Bf7 {(00:04)} 46. Rxa6 {
(06:29)} Be8 {(08:43)} 47. Ra7+ {(00:54)} Kh6 {(03:
08)} 48. Rb7 {(03:15)} Ba4 {(00:59)} 49. Rb6+ {(03:08)}
Kh7 {(00:03)} 50. f4 {(00:32)} h4 {(08:13)} 51. gxh4 {
(02:16)} Rb2+ {(00:39)} 52. Kg1 {(00:12)} Rb1+ {(
00:25)} 53. Kf2 {(00:05)} Rb2+ {(00:02)} 54. Ke1 {(00:48)}
Rb1+ {(00:52)} 55. Kd2 {(00:38)} Rb2+ {(00:04)} 56. Kc1 {
(02:24)} Rxh2 {(00:56)} 57. Rb8 {(00:23)} Rc2+ {(
00:40)} 58. Kb1 {(00:08)} Kg6 {(00:29)} 59. a6 {(00:32)}
1-0

[Event "42nd Olympiad Baku 2016 Open"]
[Site "Baku"]
[Date "2016.09.04"]
[Round "3.2"]
[White "AL-Sayed, Mohammed"]
[Black "Gundavaa, Bayarsaikhan"]
[Result "0-1"]
[ECO "D37"]
[WhiteElo "2521"]
[BlackElo "2492"]
[Annotator ""]
[PlyCount "98"]
[EventDate "2016.??.??"]
[EventCountry "AZE"]
[SourceTitle "playchess.com"]
[Source "ChessBase"]
[WhiteTeam "Qatar"]
[BlackTeam "Mongolia"]
[WhiteTeamCountry "QAT"]
[BlackTeamCountry "MGL"]
[TimeControl "40/5400+30:1800+30"]

1. d4 {(00:00)} Nf6 {(00:05)} 2. c4 {(00:03)} e6 {(
00:19)} 3. Nf3 {(00:28)} d5 {(00:36)} 4. Nc3 {(00:29)}
Nbd7 {(00:36)} 5. cxd5 {(08:18)} exd5 {(00:18)} 6. Bg5 {
(00:44)} h6 {(00:29)} 7. Bh4 {(00:44)} c6 {(01:12)}
8. e3 {(00:55)} g5 {(03:19)} 9. Bg3 {(00:05)} Nh5 {
(00:06)} 10. Bd3 {(02:51)} Nxg3 {(01:05)} 11. hxg3 {
(00:04)} Bg7 {(00:46)} 12. Qc2 {(02:19)} Nb6 {(00:
55)} 13. Bf5 {(07:57)} Bxf5 {(08:21)} 14. Qxf5 {(00:04)}
Nc4 {(00:32)} 15. O-O-O {(06:27)} Nd6 {(01:28)} 16. Qc2 {
(00:13)} Qe7 {(02:17)} 17. Kb1 {(13:29)} Qe6 {(08:
13)} 18. Ka1 {(01:57)} O-O-O {(07:47)} 19. Ne1 {(01:57)}
Kb8 {(06:28)} 20. Nd3 {(01:42)} h5 {(01:40)} 21. Rc1 {
(11:13)} Qf5 {(02:48)} 22. Rhd1 {(00:56)} h4 {(04:
18)} 23. gxh4 {(00:07)} Rxh4 {(00:21)} 24. Qb3 {(07:49)}
Ka8 {(07:12)} 25. Na4 {(06:45)} Nc4 {(02:56)} 26. Nac5 {
(02:46)} Qc8 {(01:10)} 27. Qc2 {(09:14)} Rh2 {(01:
52)} 28. b3 {(01:00)} Nd6 {(01:08)} 29. g3 {(02:11)} b6 {
(08:00)} 30. Na4 {(00:35)} c5 {(00:05)} 31. Qe2 {(
09:04)} Ne4 {(05:39)} 32. Kb1 {(00:46)} Qf5 {(02:09)} 33.
g4 {(00:41)} Qf6 {(02:39)} 34. Rc2 {(02:31)} cxd4 {
(01:16)} 35. exd4 {(00:07)} Qxd4 {(00:55)} 36. Ndb2 {
(00:05)} Qf6 {(11:07)} 37. Qa6 {(01:13)} Nc5 {(00:
36)} 38. Qb5 {(00:40)} Nxa4 {(01:46)} 39. bxa4 {(00:29)}
Rxf2 {(01:38)} 40. Rdc1 {(00:00)} Qxb2+ {(00:00)} 41. Qxb2
{(00:05)} Bxb2 {(02:57)} 42. Rxf2 {(00:03)} Bxc1 {(
00:04)} 43. Kxc1 {(00:07)} Rc8+ {(02:06)} 44. Kb2 {(03:56]
} Rc4 {(00:54)} 45. Rxf7 {(00:05)} Rxa4 {(00:23)} 46. Rf5
{(00:12)} Rxg4 {(00:11)} 47. Rxd5 {(00:04)} Kb7 {(
01:15)} 48. Rd7+ {(00:06)} Ka6 {(00:03)} 49. Rg7 {(00:06)}
b5 {(01:02)} 0-1

[Event "42nd Olympiad Baku 2016 Open"]
[Site "Baku"]
[Date "2016.09.04"]
[Round "3.28"]
[White "Alzaim, Talal"]
[Black "Thorfinnsson, Bragi"]
[Result "0-1"]
[ECO "E46"]
[WhiteElo "2259"]
[BlackElo "2430"]
[Annotator ""]
[PlyCount "104"]
[EventDate "2016.??.??"]
[EventCountry "AZE"]
[SourceTitle "playchess.com"]
[Source "ChessBase"]
[WhiteTeam "Syria"]
[BlackTeam "Iceland"]
[WhiteTeamCountry "SYR"]
[BlackTeamCountry "ISL"]
[TimeControl "40/5400+30:1800+30"]

1. d4 {(00:00)} Nf6 {(00:00)} 2. c4 {(00:00)} e6 {(
00:14)} 3. Nc3 {(00:00)} Bb4 {(00:07)} 4. e3 {(00:08)} O-O
{(07:19)} 5. Nge2 {(00:18)} d5 {(04:42)} 6. a3 {(
00:18)} Bd6 {(01:34)} 7. c5 {(02:31)} Be7 {(00:07)} 8. b4
{(00:04)} c6 {(08:45)} 9. Bb2 {(05:31)} b6 {(00:31]
} 10. Nf4 {(01:27)} a5 {(07:19)} 11. Bd3 {(01:23)} Ba6 {
(03:00)} 12. O-O {(01:18)} Bxd3 {(12:41)} 13. Qxd3 {
(04:01)} Na6 {(01:08)} 14. Na2 {(10:52)} Qb8 {(03:
16)} 15. Bc3 {(07:07)} bxc5 {(08:54)} 16. bxc5 {(03:10)}
e5 {(03:11)} 17. Ne2 {(01:56)} Ne4 {(06:52)} 18. Rfb1 {
(02:19)} Qc8 {(00:32)} 19. f3 {(12:17)} Nxc3 {(01:
30)} 20. Naxc3 {(00:23)} exd4 {(08:11)} 21. exd4 {(01:23)}
Re8 {(06:33)} 22. Ng3 {(04:20)} g6 {(01:19)} 23. Ra2 {
(00:02)} Bg5 {(02:40)} 24. Re2 {(00:36)} Nc7 {(01:
32)} 25. Na4 {(10:24)} Rxe2 {(00:28)} 26. Nxe2 {(04:07)}
Qe6 {(00:23)} 27. f4 {(02:54)} Bf6 {(00:33)} 28. Nac3 {
(01:02)} Re8 {(01:21)} 29. a4 {(03:30)} Qc8 {(00:
56)} 30. f5 {(01:50)} Bg5 {(01:51)} 31. Rb6 {(05:37)} Re3
{(01:24)} 32. Qb1 {(00:07)} Na6 {(00:56)} 33. fxg6 {
(00:20)} hxg6 {(00:19)} 34. Rb2 {(05:55)} Kg7 {(01:
19)} 35. Kh1 {(04:11)} Nb4 {(01:01)} 36. Nd1 {(00:21)} Re7
{(00:58)} 37. Nf2 Qa6 {(01:41)} 38. Qd1 {(01:00)} Qc4 {
(00:33)} 39. Ng4 {(02:06)} Nd3 {(00:56)} 40. Rc2 {(
00:00)} Qb3 {(00:00)} 41. h4 {(08:12)} Bf4 {(08:40)} 42.
g3 {(05:19)} Nb2 {(05:12)} 43. Qf1 {(01:57)} Qxc2 44. Nxf4
{(01:30)} Qe4+ {(05:13)} 45. Kh2 {(00:53)} Qxd4 46. Qc1 {
(00:46)} Kf8 {(06:15)} 47. Qf1 {(02:42)} Qd2+ {(02:
01)} 48. Kh3 {(00:40)} Qc2 {(00:16)} 49. Qa6 {(03:54)} Re1
{(03:26)} 50. Nh6 {(02:17)} Kg7 {(01:53)} 51. Qc8 {
(06:52)} Rh1+ {(00:34)} 52. Kg4 {(00:01)} Qd1+ {(
00:12)} 0-1

[Event "42nd Olympiad Baku 2016 Open"]
[Site "Baku"]
[Date "2016.09.04"]
[Round "3.25"]
[White "Arab, Adlane"]
[Black "Kongsee, Uaychai"]
[Result "1-0"]
[ECO "A89"]
[WhiteElo "2493"]
[BlackElo "2285"]
[Annotator ""]
[PlyCount "67"]
[EventDate "2016.??.??"]
[EventCountry "AZE"]
[SourceTitle "playchess.com"]
[Source "ChessBase"]
[WhiteTeam "Algeria"]
[BlackTeam "Thailand"]
[WhiteTeamCountry "ALG"]
[BlackTeamCountry "THA"]
[TimeControl "40/5400+30:1800+30"]

1. d4 {(00:00)} f5 {(00:00)} 2. Nf3 {(00:00)} Nf6 {
(00:00)} 3. c4 {(00:13)} g6 {(00:00)} 4. g3 {(00:
09)} Bg7 {(00:03)} 5. Bg2 {(00:04)} O-O {(00:07)} 6. O-O {
(00:03)} d6 {(00:07)} 7. Nc3 {(00:17)} Nc6 {(00:05]
} 8. d5 {(02:12)} Na5 {(00:08)} 9. Qa4 {(00:16)} c5 {
(00:08)} 10. dxc6 {(00:14)} bxc6 {(00:13)} 11. c5 {
(00:57)} dxc5 {(00:49)} 12. Rd1 {(01:59)} Qb6 {(07:
27)} 13. Qc2 {(01:12)} Nd7 {(15:28)} 14. Ng5 {(07:21)} Rf6
{(03:40)} 15. Nd5 {(03:24)} cxd5 {(05:17)} 16. Bxd5+ {
(00:05)} Kh8 {(00:07)} 17. Bxa8 {(00:04)} Nc6 {(03:
25)} 18. Bf4 {(04:35)} e5 {(05:22)} 19. Rxd7 {(02:51)}
Bxd7 {(02:23)} 20. Bxc6 {(00:06)} Qxc6 {(15:05)} 21. Bxe5
{(01:45)} h6 {(00:29)} 22. Bxf6 {(03:49)} Bxf6 {(
02:18)} 23. Nf3 {(00:04)} Be6 {(02:27)} 24. Rd1 {(00:23)}
Bf7 {(11:36)} 25. b3 {(01:09)} Kg7 {(01:07)} 26. Qd3 {
(03:33)} a5 {(02:33)} 27. h4 {(00:53)} a4 {(00:31)}
28. h5 {(00:23)} axb3 {(01:09)} 29. axb3 {(00:09)} gxh5 {
(03:15)} 30. Qxf5 {(00:13)} Be6 {(00:11)} 31. Qxh5 {
(00:08)} Bxb3 {(01:07)} 32. Ne5 {(00:50)} Bxe5 {(
05:44)} 33. Qxe5+ {(00:05)} Kf7 {(00:40)} 34. Rd6 {(00:08]
} 1-0

[Event "42nd Olympiad Baku 2016 Open"]
[Site "Baku"]
[Date "2016.09.04"]
[Round "3.11"]
[White "Bajarani, Ulvi"]
[Black "Vidit, Santosh Gujrathi"]
[Result "0-1"]
[ECO "C65"]
[WhiteElo "2509"]
[BlackElo "2669"]
[Annotator ""]
[PlyCount "92"]
[EventDate "2016.??.??"]
[EventCountry "AZE"]
[SourceTitle "playchess.com"]
[Source "ChessBase"]
[WhiteTeam "Azerbaijan"]
[BlackTeam "India"]
[WhiteTeamCountry "AZE"]
[BlackTeamCountry "IND"]
[TimeControl "40/5400+30:1800+30"]

1. e4 {(00:00)} e5 {(00:00)} 2. Nf3 {(00:00)} Nc6 {
(00:09)} 3. Bb5 {(00:00)} Nf6 {(00:16)} 4. d3 {(01:
00)} Bc5 {(00:08)} 5. Bxc6 {(00:08)} dxc6 {(00:07)} 6.
Nbd2 {(00:51)} O-O {(01:41)} 7. Nc4 {(00:23)} Ng4 {
(00:24)} 8. O-O {(04:30)} f5 {(00:06)} 9. Bg5 {(03:
22)} Qe8 {(00:06)} 10. h3 {(03:12)} fxe4 {(09:00)} 11.
dxe4 {(03:18)} Be6 {(00:58)} 12. Qe2 {(13:56)} Nxf2 {
(16:34)} 13. Rxf2 {(01:53)} Bxf2+ {(01:32)} 14. Kxf2 {
(00:12)} Qh5 {(00:06)} 15. Bd2 {(08:24)} Rxf3+ {(
08:53)} 16. gxf3 {(01:06)} Qh4+ {(00:12)} 17. Ke3 {(01:20]
} Qg5+ {(25:59)} 18. Kd3 {(00:13)} Qd8+ {(00:40)} 19. Kc3
{(00:55)} Qd4+ {(00:24)} 20. Kb3 {(00:35)} b5 {(02:
45)} 21. c3 {(00:12)} Bxc4+ {(06:30)} 22. Kc2 {(00:07)}
Bxe2 {(06:49)} 23. cxd4 {(00:07)} exd4 {(00:37)} 24. Bb4 {
(01:50)} Re8 {(00:31)} 25. Bc5 {(03:24)} Bxf3 {(04:
51)} 26. Re1 {(03:59)} Bxe4+ {(04:55)} 27. Kd2 {(00:16)}
a5 {(01:27)} 28. Bxd4 {(00:35)} Rd8 {(01:05)} 29. Ke3 {
(00:41)} Bf5 {(01:51)} 30. h4 {(00:19)} Kf7 {(02:
19)} 31. Be5 {(02:26)} Rd3+ {(00:31)} 32. Kf2 {(03:20)}
Be6 {(01:05)} 33. a3 {(02:25)} Bc4 {(00:05)} 34. Bc3 {
(02:47)} a4 {(00:02)} 35. Re3 {(01:59)} Rd1 {(00:
59)} 36. Re1 {(03:59)} Rd6 {(00:43)} 37. Rg1 {(01:01)} g6
{(00:21)} 38. h5 {(00:51)} c5 {(00:16)} 39. hxg6+ {
(02:41)} hxg6 {(00:10)} 40. Rh1 {(00:00)} c6 {(00:
00)} 41. Re1 {(06:14)} Rd3 {(08:50)} 42. Re3 {(05:29)}
Rxe3 {(02:34)} 43. Kxe3 {(00:06)} Ke6 {(00:05)} 44. Bg7 {
(01:04)} Kd5 {(01:40)} 45. Bf8 {(00:46)} Bf1 {(02:
08)} 46. Be7 {(02:15)} Kc4 {(00:09] Kd4+} 0-1

[Event "42nd Olympiad Baku 2016 Open"]
[Site "Baku"]
[Date "2016.09.04"]
[Round "3.35"]
[White "Barbosa, Evandro Amorim"]
[Black "Yu, Yangyi"]
[Result "0-1"]
[ECO "B91"]
[WhiteElo "2509"]
[BlackElo "2725"]
[Annotator ""]
[PlyCount "74"]
[EventDate "2016.??.??"]
[EventCountry "AZE"]
[SourceTitle "playchess.com"]
[Source "ChessBase"]
[WhiteTeam "Brazil"]
[BlackTeam "China"]
[WhiteTeamCountry "BRA"]
[BlackTeamCountry "CHN"]
[TimeControl "40/5400+30:1800+30"]

1. e4 {(00:00)} c5 {(00:00)} 2. Nf3 {(00:00)} d6 {(
00:01)} 3. d4 {(00:24)} cxd4 {(00:08)} 4. Nxd4 {(00:10)}
Nf6 {(00:08)} 5. Nc3 {(00:08)} a6 {(00:13)} 6. g3 {
(00:38)} e6 {(06:40)} 7. Bg2 {(00:16)} Be7 {(00:07]
} 8. O-O {(00:23)} O-O {(00:10)} 9. a4 {(00:35)} Nc6 {
(01:05)} 10. Be3 {(00:39)} Rb8 {(02:05)} 11. f4 {(
02:26)} Nd7 {(03:57)} 12. Qe2 {(08:57)} Nxd4 {(03:16)} 13.
Bxd4 {(00:24)} b6 {(00:21)} 14. Rad1 {(05:00)} Qc7 {
(00:39)} 15. Kh1 {(01:05)} Bb7 {(00:48)} 16. g4 {(
09:48)} Rbe8 {(24:46)} 17. Qf2 {(17:28)} Bc6 {(04:58)} 18.
g5 {(05:18)} b5 {(04:30)} 19. axb5 {(01:53)} axb5 {
(00:03)} 20. b4 {(16:33)} Qb7 {(11:01)} 21. Be3 {(
09:10)} f6 {(09:57)} 22. g6 {(03:33)} hxg6 {(07:15)} 23.
Qg3 {(00:13)} Kf7 {(03:15)} 24. Nd5 {(00:39)} f5 {(
01:55)} 25. Rg1 {(02:05)} Nf6 {(05:05)} 26. Nxf6 {(10:30)}
Bxf6 {(01:20)} 27. e5 {(00:44)} dxe5 {(01:28)} 28. fxe5 {
(00:20)} g5 {(05:06)} 29. exf6 {(00:18)} gxf6 {(00:
03)} 30. Ra1 {(02:32)} Ra8 {(00:49)} 31. Rxa8 {(02:41)}
Rxa8 {(00:03)} 32. Bxc6 {(00:28)} Qxc6+ {(00:03)} 33. Qg2
{(00:06)} Qxg2+ {(00:29)} 34. Kxg2 {(00:12)} f4 {(
00:12)} 35. Bc5 {(00:34)} e5 {(00:50)} 36. Kf3 {(00:42)}
Ra3+ {(00:56)} 37. Ke4 {(00:23)} Ke6 {(00:11)} 0-1

[Event "42nd Olympiad Baku 2016 Open"]
[Site "Baku"]
[Date "2016.09.04"]
[Round "3.6"]
[White "Barros Rivadeneira, Cristhian"]
[Black "Cupid, Kevin"]
[Result "1-0"]
[ECO "E18"]
[WhiteElo "2351"]
[BlackElo "2166"]
[Annotator ""]
[PlyCount "97"]
[EventDate "2016.??.??"]
[EventCountry "AZE"]
[SourceTitle "playchess.com"]
[Source "ChessBase"]
[WhiteTeam "Ecuador"]
[BlackTeam "TTO"]
[WhiteTeamCountry "ECU"]
[TimeControl "40/5400+30:1800+30"]

1. d4 {(00:00)} Nf6 {(05:02)} 2. Nf3 {(00:03)} b6 {
(00:25)} 3. g3 {(00:39)} Bb7 {(00:01)} 4. Bg2 {(00:
09)} e6 {(00:01)} 5. O-O {(00:30)} Be7 {(00:19)} 6. c4 {
(00:21)} O-O {(00:02)} 7. Nc3 {(08:28)} a5 {(02:33]
} 8. Qc2 {(03:55)} Na6 {(00:03)} 9. a3 {(07:36)} c5 {
(03:09)} 10. d5 {(09:27)} exd5 {(02:53)} 11. Nh4 {(
00:22)} Ne4 {(00:58)} 12. Nxd5 {(00:48)} Bxd5 {(01:11)}
13. cxd5 {(00:07)} Nd6 {(00:28)} 14. Nf3 {(00:21)} Ne8 {
(15:58)} 15. Nd2 {(06:30)} d6 {(00:09)} 16. a4 {(
02:35)} Nb4 {(01:27)} 17. Qd1 {(00:11)} b5 {(00:55)} 18.
axb5 {(00:52)} Qb8 {(02:13)} 19. Nc4 {(01:09)} Qxb5 {
(00:19)} 20. Na3 {(00:21)} Qa6 {(02:27)} 21. Bd2 {(
00:43)} Nf6 {(01:19)} 22. Bc3 {(08:05)} Nd7 {(00:07)} 23.
Bh3 {(15:23)} Nf6 {(05:17)} 24. Bg2 {(00:45)} Nd7 {
(00:28)} 25. e4 {(00:34)} Bf6 {(04:07)} 26. Bh3 {(
09:13)} Ne5 {(04:25)} 27. f4 {(01:10)} Ng6 {(01:34)} 28.
Bxf6 {(17:54)} gxf6 {(00:01)} 29. Rf3 {(00:13)} Rfb8 {
(05:51)} 30. Bf1 {(00:29)} Qb7 {(01:10)} 31. Nc4 {(
00:19)} Qe7 {(07:25)} 32. Re3 {(00:06)} Kh8 {(01:47)} 33.
Bg2 {(00:18)} Qc7 {(04:42)} 34. Rea3 {(00:06)} Rb5 {
(03:42)} 35. Qe2 {(00:18)} Rab8 {(02:11)} 36. Nxa5 {
(01:50)} c4 {(04:21)} 37. Nxc4 {(00:29)} Qc5+ {(00:
12)} 38. Kh1 {(00:38)} f5 {(10:34)} 39. Rc3 {(02:31)} fxe4
{(05:04)} 40. Bxe4 {(00:00)} Nxd5 {(00:00)} 41. Rcc1 {
(02:53)} Nf6 {(03:25)} 42. Bf3 {(00:09)} Qb4 {(07:
01)} 43. Ra7 {(12:45)} Re8 {(05:11)} 44. Qd1 {(01:19)} Rc5
{(01:42)} 45. Rb7 {(11:47)} Qxc4 {(16:31)} 46. Rxc4 {
(00:05)} Rxc4 {(00:09)} 47. Rxf7 {(00:09)} Ne4 {(
04:00)} 48. Bxe4 {(00:06)} Rcxe4 {(00:14)} 49. Qh5 {(00:
07)} 1-0

[Event "42nd Olympiad Baku 2016 Open"]
[Site "Baku"]
[Date "2016.09.04"]
[Round "3.3"]
[White "Batchuluun, Tsegmed"]
[Black "Nezad, Husein Aziz"]
[Result "1/2-1/2"]
[ECO "E81"]
[WhiteElo "2513"]
[BlackElo "2427"]
[Annotator ""]
[PlyCount "178"]
[EventDate "2016.??.??"]
[EventCountry "AZE"]
[SourceTitle "playchess.com"]
[Source "ChessBase"]
[WhiteTeam "Mongolia"]
[BlackTeam "Qatar"]
[WhiteTeamCountry "MGL"]
[BlackTeamCountry "QAT"]
[TimeControl "40/5400+30:1800+30"]

1. d4 {(00:00)} Nf6 {(00:00)} 2. c4 {(00:00)} g6 {(
00:00)} 3. Nc3 {(00:00)} Bg7 {(00:00)} 4. e4 {(00:05)} d6
{(00:12)} 5. f3 {(02:20)} O-O {(00:21)} 6. Be3 {(
00:07)} c5 {(00:16)} 7. dxc5 {(01:07)} dxc5 {(00:08)} 8.
Qxd8 {(00:16)} Rxd8 {(00:07)} 9. Bxc5 {(00:06)} Nc6 {
(00:07)} 10. Nge2 {(00:56)} Nd7 {(01:17)} 11. Be3 {
(00:08)} Nde5 {(00:34)} 12. Nf4 {(00:08)} Na5 {(01:
56)} 13. Nfd5 {(00:50)} Nexc4 {(01:04)} 14. Nxe7+ {(00:20]
} Kh8 {(01:45)} 15. Bg5 {(03:12)} Be6 {(03:58)} 16. Rc1 {
(03:08)} h6 {(09:03)} 17. Bf4 {(17:14)} Nxb2 {(09:
38)} 18. Ncd5 {(01:02)} Bxd5 {(08:37)} 19. Nxd5 {(01:08)}
Rac8 {(00:07)} 20. Rxc8 {(07:53)} Rxc8 {(00:51)} 21. Kd2 {
(01:06)} Nac4+ {(03:15)} 22. Bxc4 {(00:13)} Nxc4+ {
(00:01)} 23. Ke2 {(00:27)} Rc6 {(09:14)} 24. Rc1 {(
03:40)} Ne5 {(04:18)} 25. Rxc6 {(01:51)} Nxc6 {(00:02)}
26. Kd3 {(08:57)} Kg8 {(04:45)} 27. Bd6 {(05:16)} h5 {
(08:16)} 28. f4 {(21:20)} Bb2 {(03:09)} 29. Kc4 {(
02:52)} Kg7 {(03:40)} 30. Ne7 {(02:04)} Nxe7 {(06:45)} 31.
Bxe7 {(00:06)} Bc1 {(00:31)} 32. f5 {(10:23)} gxf5 {
(00:32)} 33. exf5 {(00:04)} f6 {(00:27)} 34. Bc5 {(
00:15)} a6 {(01:10)} 35. Kd5 {(00:12)} Kf7 {(01:05)} 36.
g3 {(04:28)} Bh6 {(03:22)} 37. h3 {(01:19)} Bg7 {(
00:22)} 38. Bd6 {(02:12)} Bh6 {(00:21)} 39. Bb4 {(00:22)}
Bg7 {(00:59)} 40. Bd6 {(00:00)} Bh6 {(00:00)} 41. Bb4 {
(03:31)} Bg7 {(00:38)} 42. a3 {(00:03)} Bh6 {(01:
23)} 43. Kd6 {(08:16)} a5 {(00:44)} 44. Bc5 {(03:16)} b6 {
(00:34)} 45. Bxb6 {(00:05)} Bf8+ {(00:06)} 46. Kc6 {
(00:19)} Bxa3 {(00:20)} 47. Bxa5 {(00:07)} Bc1 {(
02:19)} 48. Bb4 {(01:10)} Be3 {(00:36)} 49. Kd5 {(00:10)}
Bc1 {(00:34)} 50. Ke4 {(00:34)} Bb2 {(01:28)} 51. Kf3 {
(00:26)} Kg7 {(00:20)} 52. Bd2 {(00:21)} Be5 {(00:
33)} 53. g4 {(00:11)} hxg4+ {(00:22)} 54. Kxg4 {(00:04)}
Bd4 {(01:52)} 55. h4 {(00:06)} Be5 {(00:15)} 56. h5 {
(00:06)} Bd4 {(00:33)} 57. Kf3 {(00:05)} Bb2 {(00:
59)} 58. Ke4 {(00:05)} Be5 {(01:23)} 59. Kd5 {(00:05)} Bb2
{(04:41)} 60. Ke6 {(00:05)} Bd4 {(00:16)} 61. Bc1 {
(01:26)} Bc3 {(00:20)} 62. Be3 {(00:05)} Bb2 {(00:
17)} 63. Bf2 {(01:45)} Kh6 {(02:42)} 64. Bh4 {(00:07)}
Kxh5 {(00:06)} 65. Bxf6 {(00:04)} Bc1 {(04:39)} 66. Be7 {
(01:23)} Bd2 {(04:17)} 67. f6 {(00:25)} Kg6 {(01:
19)} 68. Bf8 {(00:39)} Be3 {(01:50)} 69. f7 {(00:26)} Bd2
{(00:37)} 70. Ke7 {(00:26)} Be3 {(02:09)} 71. Ke8 {
(00:15)} Bd2 {(01:05)} 72. Bg7 {(00:48)} Bb4 {(00:
09)} 73. Bc3 {(00:09)} Bc5 {(01:01)} 74. Be1 {(00:29)} Kf6
{(00:46)} 75. Bh4+ {(00:11)} Ke6 {(00:38)} 76. Bg5 {
(00:03)} Bb4 {(01:11)} 77. Bh6 {(00:06)} Bc5 {(01:
08)} 78. Bf8 {(00:06)} Be3 {(00:19)} 79. Bb4 {(00:13)} Bh6
{(00:08)} 80. Bc3 {(00:03)} Kf5 {(01:10)} 81. Ke7 {
(00:47)} Kg6 {(01:47)} 82. Bb4 {(00:59)} Kf5 {(01:
48)} 83. Bd6 {(00:16)} Bg7 {(00:28)} 84. Bc5 {(01:33)} Bh6
{(00:13)} 85. Bd4 {(00:08)} Kg6 {(00:25)} 86. Ke6 {
(00:04)} Bf8 {(00:27)} 87. Bf6 {(00:03)} Bh6 {(00:
39)} 88. Be7 {(00:08)} Bg7 {(00:23)} 89. f8=Q {(00:18)}
Bxf8 1/2-1/2